 Dungeon Crawl Stone Soup version 0.20.0-1-g1cb1d84 (webtiles) character file.

32216 inmateoo the Cleaver (level 13, 0/83 HPs)
             Began as a Gargoyle Fighter on May 26, 2017.
             Was the Champion of Okawaru.
             Slain by an entropy weaver (11 damage)
             ... on level 4 of the Lair of Beasts.
             The game lasted 00:23:34 (14616 turns).

inmateoo the Cleaver (Gargoyle Fighter)            Turns: 14616, Time: 00:23:35

Health: 0/83       AC:  4    Str: 20    XL:     13   Next: 63%
Magic:  21/21      EV:  8    Int: 13    God:    Okawaru [******]
Gold:   871        SH: 16    Dex:  9    Spells: 12/12 levels left

rFire    + . .     SeeInvis +   M - +4 broad axe (flame)
rCold    + + +     Gourm    +   c - +0 shield
rNeg     + + .     Faith    .   T - +12 ice dragon scales of the Beekeeper {rF- rC++ MR+ Stlth+}
rPois    ∞         Spirit   .   (helmet restricted)
rElec    +         Reflect  .   L - scarf {rC+ rF+}
rCorr    .         Harm     .   k - +1 pair of gloves
MR       +....                  (no boots)
Stlth    +.........             P - amulet of the gourmand
Regen    0.3/turn               D - ring "Sootem" {*Contam rF+ rN+ Int+3 Stlth+}
MPRegen  0.2/turn               g - ring of see invisible

@: about to teleport, corroded
A: beak, large bone plates 1, blurry vision 2, high mp 1, negative energy
resistance 1, electricity resistance, weak 2, unbreathing, petrification
resistance, rot immunity, AC +9
a: Heroism, Finesse, Renounce Religion


You were on level 4 of the Lair of Beasts.
You worshipped Okawaru.
Okawaru was exalted by your worship.
You were full.

You visited 3 branches of the dungeon, and saw 16 of its levels.
You also visited: Labyrinth and Ice Cave.

You collected 1036 gold pieces.
You spent 165 gold pieces at shops.

Inventory:

Hand Weapons
 J - a +4 broad axe of chopping
 M - a +4 broad axe of flaming (weapon)
Armour
 c - a +0 shield (worn)
 k - a +1 pair of gloves (worn)
 x - a cursed +0 cloak
 L - a scarf of resistance (worn)
 O - a +2 helmet
 T - the +12 ice dragon scales of the Beekeeper (worn) {rF- rC++ MR+ Stlth+}
   (You found it in an ice cave)

   It makes you vulnerable to fire.
   It greatly protects you from cold.
   It affects your resistance to hostile enchantments.
   It makes you more stealthy.
Jewellery
 a - an uncursed ring of ice
 g - a ring of see invisible (right hand)
 i - a cursed amulet of inaccuracy {unknown}
 s - an uncursed ring of protection from cold
 D - the ring "Sootem" (left hand) {*Contam rF+ rN+ Int+3 Stlth+}
   (You found it in an ice cave)

   [ring of positive energy]

   It affects your intelligence (+3).
   It protects you from fire.
   It protects you from negative energy.
   It causes magical contamination when unequipped.
   It makes you more stealthy.
 E - an uncursed amulet of harm {unknown}
 P - an amulet of the gourmand (around neck)
 S - an uncursed amulet of faith {unknown}
Wands
 d - a wand of digging (11/24)
 p - a wand of confusion (17/48)
 q - a wand of enslavement (15/24)
 t - a wand of digging (8/24)
 v - a wand of confusion (15/48)
 y - a wand of random effects (33/48)
 H - a wand of scattershot (3/9)
 R - a wand of clouds (1/9)
Scrolls
 b - a scroll of fear
 m - 2 scrolls of recharging
 w - a scroll of teleportation
 A - 6 scrolls of identify
 B - 4 scrolls of enchant armour
 G - 3 scrolls of remove curse
 K - 3 scrolls of fog
 U - a scroll of amnesia
Potions
 j - a potion of heal wounds
 l - 2 potions of agility
 n - 4 potions of curing
 o - 2 potions of cancellation
 r - a potion of might
 u - a potion of haste
 z - a potion of ambrosia
 I - a potion of resistance
 Q - 2 potions of berserk rage
Books
 e - a book of Callings

   Spells                             Type                      Level
   a - Summon Small Mammal            Summoning                    1
   b - Call Imp                       Summoning                    2
   c - Call Canine Familiar           Summoning                    3
   d - Summon Guardian Golem          Hexes/Summoning              3
   e - Summon Lightning Spire         Summoning/Air                4
   f - Summon Ice Beast               Ice/Summoning                4
 F - a book of Conjurations

   Spells                             Type                      Level
   a - Magic Dart                     Conjuration                  1
   b - Searing Ray                    Conjuration                  2
   c - Dazzling Spray                 Conjuration/Hexes            3
   d - Fulminant Prism                Conjuration/Hexes            4
   e - Force Lance                    Conjuration/Translocation    4
   f - Iskenderun's Mystic Blast      Conjuration                  4
 N - a book of Clouds

   Spells                             Type                      Level
   a - Poisonous Vapours              Poison/Air                   2
   b - Mephitic Cloud                 Conjuration/Poison/Air       3
   c - Conjure Flame                  Conjuration/Fire             3
   d - Freezing Cloud                 Conjuration/Ice/Air          6
   e - Ring of Flames                 Charms/Fire                  7
Comestibles
 f - 12 bread rations
 h - 14 meat rations
 C - 4 royal jellies


   Skills:
 + Level 10.4 Fighting
 * Level 13.6 Axes
 + Level 10.3 Armour
 + Level 10.6 Shields
 + Level 8.2 Invocations


You had 12 spell levels left.
You didn't know any spells.

Dungeon Overview and Level Annotations

Branches:
Dungeon (11/15)            Temple (1/1) D:6            Lair (4/6) D:8
  Swamp (0/4) Lair:3       Spider (0/4) Lair:2          Orc (0/2) D:9

Altars:
Ashenzari
Cheibriados
Dithmenos
Elyvilon
Fedhas
Gozag
Hepliaklqana
Kikubaaqudgha
Makhleb
Nemelex Xobeh
Okawaru
Qazlal
Ru
Sif Muna
Trog
Uskayaw
Vehumet
Xom
Yredelemnul
Zin
The Shining One
Lugonu

Shops:
D:5 =

Annotations:
D:3 Edmund


Innate Abilities, Weirdness & Mutations

You are resistant to torment.
Your stone body is resilient. (AC +9)
You are immune to poison.
You resist negative energy. (rN+)
You are resistant to electric shocks. (rElec)
You can survive without breathing.
You are immune to petrification.
You are immune to rotting.
You have a beak for a mouth.
You are partially covered in large bone plates. (SH +4)
Scrolls take you longer to read.
You have an increased reservoir of magic. (+10% MP)
You are very weak. (Str -4)


Message History

You peck the entropy weaver, but do no damage.
You completely miss the worker ant.
The entropy weaver mumbles some strange words.
The entropic weave corrodes you!
The worker ant bites the plant but does no damage.
The entropy weaver hits you!
* * * LOW HITPOINT WARNING * * *
You block the entropy weaver's attack. The entropy weaver barely misses you.
You block the entropy weaver's attack.
The entropy weaver casts a spell.
The entropic weave corrodes you!
Your ice dragon scales of the Beekeeper prevents you from hitting the entropy weaver.
You peck the entropy weaver, but do no damage.
You slash the queen ant! You burn the queen ant.
The worker ant bites the plant but does no damage.
The soldier ant stings the plant!
The entropy weaver hits you.
* * * LOW HITPOINT WARNING * * *
You block the entropy weaver's attack. The entropy weaver barely misses you.
The entropy weaver hits you!
You die...

#...#.............
#####.............
###...........
###.........
#..........
##.........
#.......... ###
##......... #@###
#..........
###aaP####.....#....
#..raaa##...........
#..##aaaa.aa........
### #aaa>..........P
####...........#
##.#.........
##..........
#........[..


You could see a queen ant, 2 entropy weavers, 3 soldier ants, a porcupine and 6
worker ants.

Vanquished Creatures
  A minotaur (Lab)
  Fannar (Lair:2)
  3 hydras
  A centaur warrior (D:10)
  5 two-headed ogres
  The ghost of Gorglomux the Cleaver, a novice MiAM of Okawaru (D:8)
  Urug (Lair:2)
  An unseen horror (D:11)
  An oklob plant (Lair:1)
  3 ugly things
  3 black mambas
  3 ice statues (IceCv)
  6 spiny frogs
  A komodo dragon (shapeshifter) (D:10)
  2 rime drakes (Lair:4)
  A komodo dragon (Lair:2)
  A minotaur zombie (Lab)
  2 polar bears
  2 hornets
  5 blink frogs (Lair:4)
  4 hippogriffs
  19 yaks
  A shadow (Lab)
  2 basilisks
  2 hungry ghosts
  Eustachio (D:4)
  6 swamp worms (Lair:3)
  A warg (D:9)
  2 soldier ants (Lair:4)
  6 water moccasins
  4 porcupines
  6 orc warriors
  A sky beast (D:8)
  Purgy (D:3)
  16 ice beasts
  A black bear (D:7)
  7 ogres
  2 phantoms
  An eye of draining (D:7)
  2 centaurs
  11 crocodiles
  12 bullfrogs
  An earth elemental (Lab)
  13 killer bees
  7 scorpions
  5 howler monkeys
  An electric eel (Lair:3)
  2 centaur zombies
  10 crimson imps
  2 bullfrog zombies
  A quasit (D:8)
  Crazy Yiuf (D:4)
  A jelly (D:8)
  3 hounds
  7 orc priests
  3 bullfrog skeletons
  7 iguanas
  11 orc wizards
  Natasha (thrice) (D:4)
  17 worker ants
  2 hound skeletons
  3 worker ant zombies
  Robin (D:4)
  10 gnolls
  8 adders
  2 shadow imps (D:10)
  4 oozes
  An adder zombie (D:8)
  An adder skeleton (D:9)
  6 worms
  A dart slug (D:4)
  9 leopard geckos
  41 orcs
  11 bats
  2 giant cockroaches
  23 goblins
  5 hobgoblins
  4 jackals (D:9)
  6 quokkas
  5 frilled lizards
  3 kobolds
  A quokka zombie (D:6)
  6 rats
  3 fungi
  2 plants
407 creatures vanquished.

Vanquished Creatures (others)
  2 fungi
2 creatures vanquished.

Grand Total: 409 creatures vanquished

Notes
Turn   | Place    | Note
-------+----------+-------------------------------------------
     0 | D:1      | inmateoo the Gargoyle Fighter began the quest for the Orb.
     0 | D:1      | Reached XP level 1. HP: 14/14 MP: 1/1
    36 | D:1      | Reached skill level 2 in Axes
    61 | D:1      | Reached XP level 2. HP: 11/19 MP: 2/2
    91 | D:1      | Reached skill level 3 in Axes
   107 | D:1      | Reached XP level 3. HP: 10/23 MP: 3/3
   833 | D:2      | Found a white marble altar of Elyvilon.
   841 | D:2      | Found a glowing golden altar of the Shining One.
   845 | D:2      | Found a hazy altar of Hepliaklqana.
  1074 | D:2      | Reached XP level 4. HP: 28/28 MP: 4/4
  1605 | D:3      | Reached skill level 4 in Axes
  1624 | D:3      | You fall through a shaft for 2 floors!
  1624 | D:5      | Entered Level 5 of the Dungeon
  1655 | D:4      | Reached XP level 5. HP: 19/32 MP: 5/5
  1800 | D:4      | Found an ancient bone altar of Kikubaaqudgha.
  1801 | D:4      | Found a blossoming altar of Fedhas.
  1835 | D:4      | Found a basalt altar of Yredelemnul.
  1989 | D:4      | Reached skill level 5 in Axes
  1991 | D:4      | Noticed Eustachio
  2080 | D:3      | Found a sacrificial altar of Ru.
  2283 | D:3      | Noticed Purgy
  2291 | D:3      | Killed Purgy
  2291 | D:3      | Reached XP level 6. HP: 36/37 MP: 6/6
  2802 | D:4      | Noticed Edmund
  2806 | D:4      | Reached skill level 6 in Axes
  3126 | D:4      | Killed Eustachio
  3126 | D:4      | Reached XP level 7. HP: 34/41 MP: 7/7
  3151 | D:4      | Noticed Natasha
  3162 | D:4      | Killed Natasha
  3175 | D:4      | Found a shattered altar of Ashenzari.
  3229 | D:4      | Noticed Robin
  3238 | D:4      | Reached skill level 7 in Axes
  3262 | D:4      | Killed Robin
  3479 | D:4      | Found a shadowy altar of Dithmenos.
  3530 | D:4      | Found a runed door.
  3534 | D:4      | Noticed Crazy Yiuf
  3542 | D:4      | Killed Crazy Yiuf
  3734 | D:4      | Noticed Natasha
  3736 | D:4      | Killed Natasha
  3768 | D:4      | Noticed Natasha
  3774 | D:4      | Killed Natasha
  3945 | D:5      | Reached XP level 8. HP: 46/46 MP: 8/8
  3967 | D:5      | Reached skill level 8 in Axes
  4413 | D:5      | Found Bakikeod's Jewellery Shop.
  4418 | D:5      | Found a shimmering altar of Xom.
  4680 | D:5      | Bought an uncursed ring of see invisible for 165 gold pieces
  5069 | D:6      | Found a stormy altar of Qazlal.
  5256 | D:6      | Found a staircase to the Ecumenical Temple.
  5302 | Temple   | Entered the Ecumenical Temple
  5641 | D:6      | Reached skill level 5 in Shields
  5648 | D:6      | Reached XP level 9. HP: 53/53 MP: 9/9
  5738 | D:6      | Found an iron altar of Okawaru.
  5761 | D:6      | Became a worshipper of Warmaster Okawaru
  5941 | D:6      | Found an opulent altar of Gozag.
  5964 | D:7      | Reached skill level 5 in Fighting
  5964 | D:7      | Reached skill level 9 in Axes
  5964 | D:7      | Reached skill level 5 in Armour
  6559 | D:7      | Reached * piety under Okawaru
  6864 | D:7      | Reached skill level 10 in Axes
  6899 | D:7      | Reached ** piety under Okawaru
  7019 | D:7      | Reached XP level 10. HP: 34/60 MP: 10/10
  7311 | D:7      | Found a bloodstained altar of Trog.
  7326 | D:7      | Reached skill level 1 in Invocations
  7400 | D:8      | Noticed a two-headed ogre
  7464 | D:8      | Killed a two-headed ogre
  7709 | D:8      | Found a staircase to the Lair.
  7865 | D:8      | Reached *** piety under Okawaru
  7866 | D:8      | Noticed Gorglomux's ghost (novice MiAM)
  7902 | D:8      | Killed Gorglomux's ghost
  7973 | D:8      | Reached **** piety under Okawaru
  7979 | D:8      | Gained mutation: You are weak. (Str -2) [mutagenic meat]
  7980 | D:8      | Gained mutation: You are very weak. (Str -4) [mutagenic meat]
  7981 | D:8      | Gained mutation: You have an increased reservoir of magic. (+10% MP) [mutagenic meat]
  7982 | D:8      | Gained mutation: You are partially covered in large bone plates. (SH +4) [mutagenic meat]
  8003 | D:8      | Noticed a two-headed ogre
  8400 | D:8      | Found a snail-covered altar of Cheibriados.
  8707 | D:9      | Noticed a two-headed ogre
  8708 | D:9      | Found a staircase to the Orcish Mines.
  8722 | D:9      | Killed a two-headed ogre
  8722 | D:9      | Reached skill level 11 in Axes
  8722 | D:9      | Reached XP level 11. HP: 48/67 MP: 12/15
  8819 | D:9      | Noticed a two-headed ogre
  8832 | D:9      | Killed a two-headed ogre
  8927 | D:9      | Found a burning altar of Makhleb.
  9811 | D:10     | Entered Level 10 of the Dungeon
  9827 | D:10     | Reached ***** piety under Okawaru
  9940 | D:10     | Noticed a centaur warrior
  9955 | D:10     | Killed a centaur warrior
 10001 | D:10     | Noticed a two-headed ogre
 10251 | D:10     | Killed a two-headed ogre
 10323 | D:10     | Noticed a harpy
 10323 | D:10     | a golden eye changed into a harpy
 10332 | D:10     | a harpy changed into a komodo dragon
 10338 | D:10     | Reached skill level 5 in Invocations
 10711 | D:10     | Received a gift from Okawaru
 11168 | D:11     | Noticed an unseen horror
 11177 | D:11     | Noticed a white ugly thing
 11184 | D:11     | Killed an unseen horror
 11197 | D:11     | Killed a white ugly thing
 11237 | D:11     | Noticed a four-headed hydra
 11238 | D:11     | Noticed a manticore
 11286 | D:8      | Killed a two-headed ogre
 11286 | D:8      | Reached skill level 12 in Axes
 11286 | D:8      | Reached XP level 12. HP: 52/75 MP: 18/18
 11294 | Lair:1   | Entered Level 1 of the Lair of Beasts
 11303 | Lair:1   | Received a gift from Okawaru
 11499 | Lair:1   | Found a frozen archway.
 11510 | IceCv    | Entered an ice cave
 11579 | IceCv    | Gained mutation: Scrolls take you a little longer to read. [mutagenic meat]
 11580 | IceCv    | Gained mutation: Scrolls take you longer to read. [mutagenic meat]
 11582 | IceCv    | Gained mutation: You have a beak for a mouth. [mutagenic meat]
 11792 | IceCv    | Received a gift from Okawaru
 11835 | IceCv    | Got a warped amber ring
 11840 | IceCv    | Identified the ring "Sootem" {*Contam rF+ rN+ Int+3 Stlth+} (You found it in an ice cave)
 11854 | IceCv    | Got heavily runed ice dragon scales
 11869 | IceCv    | Identified the +12 ice dragon scales of the Beekeeper {rF- rC++ MR+ Stlth+} (You found it in an ice cave)
 12135 | Lair:1   | Noticed a six-headed hydra
 12143 | Lair:1   | Killed a two-headed hydra
 12374 | Lair:2   | Found a labyrinth entrance.
 12381 | Lab      | Entered a labyrinth
 12603 | Lab      | Noticed a minotaur
 12613 | Lab      | Killed a minotaur
 12677 | Lair:2   | Noticed Fannar
 12694 | Lair:2   | Killed Fannar
 12714 | Lair:2   | Found a stormy altar of Qazlal.
 12815 | Lair:2   | Reached skill level 10 in Shields
 12819 | Lair:2   | Reached XP level 13. HP: 79/81 MP: 20/20
 12822 | Lair:2   | Reached skill level 13 in Axes
 12823 | Lair:2   | Received a gift from Okawaru
 12826 | Lair:2   | Got an encrusted broad axe {god gift}
 12827 | Lair:2   | Identified the +5 broad axe of Melee {flame, *Drain Dex+2 SInv} (Okawaru gifted it to you on level 2 of the Lair of Beasts)
 12945 | Lair:2   | Found a hole to the Spider Nest.
 13052 | Lair:2   | Reached skill level 10 in Fighting
 13181 | Lair:2   | Noticed Urug
 13205 | Lair:2   | Killed Urug
 13205 | Lair:2   | Reached skill level 10 in Armour
 13690 | Lair:3   | Found a staircase to the Swamp.
 14024 | Lair:3   | Reached ****** piety under Okawaru
 14398 | Lair:4   | Received a gift from Okawaru
 14401 | Lair:4   | Got a bloodstained arbalest {god gift}
 14575 | Lair:4   | Noticed an entropy weaver
 14577 | Lair:4   | Noticed an entropy weaver
 14616 | Lair:4   | Slain by an entropy weaver

Skill      XL: |  1  2  3  4  5  6  7  8  9 10 11 12 13 |
---------------+----------------------------------------+-----
Axes           | 2 3 4 5 6 7 8 10 11 12 13 | 13.6
Shields        | 5 6 7 9 10 | 10.6
Fighting       | 4 6 7 8 9 10 | 10.4
Armour         | 4 6 7 8 9 10 | 10.3
Invocations    | 3 5 7 8 |  8.2

Action                   |  1- 3 |  4- 6 |  7- 9 | 10-12 | 13-15 || total
-------------------------+-------+-------+-------+-------+-------++-------
Melee: War axe           |   156 |   127 |   237 |    96 |       ||   616
       Dagger            |       |    13 |    11 |       |       ||    24
       Hand axe          |       |       |   152 |   466 |       ||   618
       Battleaxe         |       |       |       |    20 |       ||    20
       Broad axe         |       |       |       |    95 |   288 ||   383
       Peck              |       |       |       |    29 |    49 ||    78
Invok: Heroism           |       |       |       |     9 |     1 ||    10
  Use: Potion            |       |     1 |     2 |     5 |     1 ||     9
       Scroll            |       |       |     5 |    23 |     1 ||    29
 Stab: Distracted        |       |       |       |     1 |       ||     1
  Eat: Chunk             |     1 |     6 |    14 |    25 |     8 ||    54
       Fruit             |       |       |     3 |     3 |     2 ||     8
       Royal jelly       |       |       |     2 |       |       ||     2
Armor: Scale mail        |   110 |    85 |    33 |       |       ||   228
       Chain mail        |       |       |   200 |   218 |       ||   418
       Ice dragon scales |       |       |       |    42 |   142 ||   184
Dodge: Dodged            |    62 |    46 |    99 |   115 |    67 ||   389
Block: Shield            |   101 |    93 |   202 |   380 |   245 ||  1021
       Other             |       |       |       |     1 |       ||     1
